 Dungeon Crawl Stone Soup version 0.31.0-1-g2c135a0 (webtiles) character file.

Game seed: 13761269334495646937

307 jagoly the Trooper (level 6, -6/39 HPs)
             Began as a Gargoyle Monk on Feb 2, 2024.
             Was a Believer of the Shining One.
             Mangled by a black bear (11 damage)
             ... on level 4 of the Dungeon.
             The game lasted 00:07:56 (1145 turns).

jagoly the Trooper (Gargoyle Monk)                  Turns: 1145, Time: 00:07:56

Health: -6/39      AC: 15    Str: 17    XL:     6   Next: 40%
Magic:  6/6        EV:  8    Int: 10    God:    the Shining One [**....]
Gold:   57         SH:  0    Dex: 12    Spells: 5/5 levels left

rFire   . . .        a - +0 war axe
rCold   . . .        d - orb {light}
rNeg    + + .        s - +0 chain mail
rPois   ∞            e - +0 helmet
rElec   +            (no cloak)
rCorr   .            m - +0 pair of gloves
SInv    .            (no boots)
Will    .....        (no amulet) Stlth
                     (no ring)
HPRegen 0.26/turn    (no ring)
MPRegen 0.10/turn

%: no passive effects
@: glowing
A: sickness immunity, AC +4, negative energy resistance 1, electricity
resistance, torment resistance 1, petrification resistance
a: Renounce Religion, Divine Shield


You were on level 4 of the Dungeon.
You worshipped the Shining One.
The Shining One was pleased with you.
You visited 1 branch of the dungeon, and saw 5 of its levels.

You collected 57 gold pieces.

Inventory:

Hand Weapons
 a - a +0 war axe (weapon)
 c - a +0 trident
 r - a +0 morningstar
Missiles
 g - 25 stones (quivered)
Armour
 b - a +0 robe
 d - an orb of light (worn)
 e - a +0 helmet (worn)
 f - a +0 leather armour
 m - a +0 pair of gloves (worn)
 s - a +0 chain mail (worn)
 u - a +0 plate armour
Jewellery
 n - the ring of Fyzigeg {Wiz rPois}
   (You found it on level 2 of the Dungeon)

   [ring of wizardry]

   Wiz:       It improves your spell success rate.
   rPois:     It protects you from poison
Scrolls
 i - a scroll of vulnerability {unknown}
 o - a scroll of silence {unknown}
 t - 2 scrolls of teleportation {unknown}
Potions
 j - 3 potions of brilliance {unknown}
 k - 2 potions of curing {unknown}
 l - a potion of cancellation {unknown}
 p - a potion of attraction {unknown}
 q - a potion of berserk rage {unknown}
 v - a potion of heal wounds {unknown}
 w - a potion of lignification {unknown}


   Skills:
 + Level 4.6 Fighting
 * Level 4.6 Axes
 + Level 2.9 Armour
 - Level 3.0 Dodging


You had 5 spell levels left.
You didn't know any spells.
Your spell library contained the following spells:

 Spells                   Type           Power      Damage    Failure   Level
 Apportation              Tloc           0%         N/A       99%         1
 Necrotise                Necr           0%         1d4       99%         1
 Sting                    Conj/Alch      0%         1d3       99%         1
 Summon Small Mammal      Summ           0%         N/A       99%         1
 Call Imp                 Summ           0%         N/A       99%         2
 Ignite Poison            Fire/Alch      0%         N/A       100%        4
 Freezing Cloud           Conj/Ice/Air   0%         6-21      100%        5
 Summon Hydra             Summ           0%         N/A       100%        7
 Cigotuvi's Dreadful Rot  Necr/Alch/Air  Unusable   N/A       N/A         2
 Sublimation of Blood     Necr           Unusable   N/A       N/A         2

Dungeon Overview and Level Annotations

Branches:
Dungeon (5/15) Zot: 26798
 Temple: D:4-7

Altars:
Elyvilon
Kikubaaqudgha
Zin
The Shining One


Innate Abilities, Weirdness & Mutations

You are immune to sickness and miasma.
Your stone body is resilient. (AC +4)
You are immune to poison.
You resist negative energy. (rN+)
You are resistant to electric shocks. (rElec)
You are resistant to unholy torment.
You are immune to petrification.


Message History

The orc barely misses you. The orc closely misses you.
You hit the orc.
The orc is severely wounded.
The orc hits you from afar with a +0 trident!
The orc hits you with a +0 morningstar.
A frilled lizard comes into view.
The frilled lizard hisses angrily.
You hit the orc.
You kill the orc!
The orc hits you but does no damage.
You hit the orc.
The orc is heavily wounded.
The orc barely misses you.
The orc hits you from afar with a +0 trident.
* * * LOW HITPOINT WARNING * * *
The orc closely misses you. The orc hits you with a +0 hand axe.
* * * LOW HITPOINT WARNING * * *
You hit the orc.
The orc is almost dead.
The orc hits you but does no damage. The orc barely misses you.
You hit the orc.
You kill the orc!
The orc hits you but does no damage.
You hit the orc but do no damage. The orc completely misses you.
The orc misses you.
You barely miss the orc. The orc hits you but does no damage.
The orc barely misses you.
You hit the orc.
The orc is lightly wounded.
The orc hits you with a +0 hand axe.
* * * LOW HITPOINT WARNING * * *
The orc barely misses you. The orc closely misses you.
You slash the orc!
You kill the orc!
You hit the frilled lizard.
You kill the frilled lizard!
The orc barely misses you. The orc misses you.
Items here: ))) [[ †††.
You barely miss the orc.
The orc is heavily wounded.
The orc misses you. The orc closely misses you.
You hit the orc.
The orc is heavily wounded.
The orc hits you but does no damage.
You slash the orc!
You kill the orc!
Things that are here:
a +0 trident; an orc corpse
c - a +0 trident
Items here: ))) [[ †††.
r - a +0 morningstar
Found a stone staircase leading down.
You see here a +0 chain mail.
You start removing your armour.
You continue taking off your +0 leather armour. x4
You finish taking off your +0 leather armour.
You start putting on your armour.
You continue putting on your +0 chain mail. x5
You finish putting on your +0 chain mail.
g - 16 stones (gained 5)
You open the door.
There is an open door here.
A giant cockroach comes into view.
You hit the giant cockroach.
You kill the giant cockroach!
No target in view!
Found a stone staircase leading up.
There is a stone staircase leading up here.
You climb upwards.
There is a stone staircase leading down here.
You climb downwards.
There is a stone staircase leading up here.
HP restored.
Found a hand axe.
Found a glowing silver altar of Zin.
Found a white marble altar of Elyvilon.
Found a glowing golden altar of the Shining One.
There is a glowing golden altar of the Shining One here.
You kneel at the altar of the Shining One.
The Shining One welcomes you!
You and your allies can now gain power from killing the unholy and evil.
You can now call upon the Shining One for a divine shield.
Found a stone staircase leading down.
Okay, then.
There is a stone staircase leading down here.
You climb downwards.
Found three items.
Found an escape hatch in the ceiling.
There is a stone staircase leading up here.
Found a plate armour.
t - a scroll labelled NENKUQA PIDAE
Found a leather armour and a book of Blood.
A kobold comes into view. It is wielding a +0 whip.
The kobold shouts!
You see here a +0 plate armour.
u - a +0 plate armour The kobold throws a stone.
The stone closely misses you.
You slash the kobold!
You kill the kobold!
No target in view!
You pick up a book of Blood and begin reading...
You add the spells Call Imp and Summon Hydra to your library.
g - 19 stones (gained 3)
Things that are here:
a +0 whip; a kobold corpse You open the gate.
A bat skeleton and 3 bat zombies come into view.
You hit the bat zombie.
The bat zombie is heavily damaged.
The bat zombie hits you but does no damage. x5
The bat skeleton hits you but does no damage.
The bat zombie completely misses you. The bat zombie barely misses you.
The bat skeleton barely misses you. The bat zombie barely misses you.
The bat skeleton barely misses you. The bat zombie barely misses you.
The bat zombie hits you but does no damage.
You hit the bat zombie.
The bat zombie is severely damaged.
The bat zombie hits you but does no damage.
The bat zombie hits you.
The bat zombie hits you but does no damage.
You slash the bat zombie!
You destroy the bat zombie!
The Shining One accepts your kill.
You feel better. The bat zombie barely misses you.
The bat zombie hits you but does no damage.
You hit the bat zombie.
The bat zombie is heavily damaged.
The bat zombie barely misses you.
The bat zombie hits you but does no damage. x3
You hit the bat zombie.
You destroy the bat zombie!
The Shining One accepts your kill.
The bat zombie hits you but does no damage.
The bat zombie barely misses you. The bat zombie completely misses you.
You hit the bat zombie.
The bat zombie is heavily damaged.
The bat zombie hits you but does no damage. x2
The bat zombie barely misses you.
You hit the bat zombie.
The bat zombie is severely damaged.
The bat zombie closely misses you. The bat zombie barely misses you. x2
You hit the bat zombie.
You destroy the bat zombie!
The Shining One accepts your kill. The bat skeleton barely misses you. x2
You hit the bat skeleton.
The bat skeleton is heavily damaged.
The bat skeleton closely misses you. The bat skeleton barely misses you.
The bat skeleton hits you but does no damage.
You hit the bat skeleton.
You destroy the bat skeleton!
The Shining One accepts your kill.
No target in view!
There is an open gate here.
A bat skeleton comes into view.
The bat skeleton hits you but does no damage.
You slash the bat skeleton!
You destroy the bat skeleton!
The Shining One accepts your kill.
No target in view!
No target in view!
A bat zombie and a bat skeleton come into view.
The bat skeleton hits you but does no damage. x2
You barely miss the bat skeleton.
The bat skeleton hits you but does no damage. x2
The bat skeleton barely misses you.
You slash the bat skeleton!
You destroy the bat skeleton!
The Shining One accepts your kill. The bat zombie hits you.
The bat zombie hits you but does no damage.
You hit the bat zombie.
The bat zombie is heavily damaged.
The bat zombie hits you but does no damage. x3
You hit the bat zombie.
The bat zombie is severely damaged.
The bat zombie hits you but does no damage. x3
You hit the bat zombie.
You destroy the bat zombie!
The Shining One accepts your kill.
You feel better.
No target in view!
No target in view!
A vampire bat comes into view.
Found an ancient bone altar of Kikubaaqudgha.
The vampire bat bites you but does no damage.
You hit the vampire bat but do no damage.
The vampire bat bites you but does no damage.
No target in view!
No target in view!
No target in view!
The vampire bat closely misses you.
You barely miss the vampire bat.
The vampire bat bites you but does no damage.
The vampire bat bites you.
The vampire bat bites you but does no damage.
You hit the vampire bat.
The vampire bat is heavily damaged.
The vampire bat barely misses you.
You barely miss the vampire bat.
The vampire bat is heavily damaged.
The vampire bat bites you but does no damage. x2
You hit the vampire bat.
You destroy the vampire bat!
The Shining One accepts your kill.
Training target 3.0 for Dodging reached!
Your Fighting skill increases to level 4!
Your Dodging skill increases to level 3!
You have reached level 5!
There is an open gate here.
You see here a +0 leather armour.
There is a stone staircase leading up here.
v - a fuming sapphire potion You open the door.
Found 7 stones.
There is an open door here.
Found a stone staircase leading up.
g - 26 stones (gained 7)
You open the door.
There is an open door here.
Found a stone staircase leading down.
There is a stone staircase leading down here.
You climb downwards.
There is a stone staircase leading up here.
You climb upwards.
There is a stone staircase leading down here.
Found a Trismegistus Codex.
You pick up a Trismegistus Codex and begin reading...
You add the spells Ignite Poison and Freezing Cloud to your library.
A hound comes into view.
The hound barks!
The hound pauses to sniff the ground.
The hound attacks as it pursues you! The hound bites you but does no damage.
You hit the hound.
The hound is moderately wounded.
The hound completely misses you. The hound barely misses you.
You barely miss the hound.
The hound is moderately wounded.
The hound bites you but does no damage. x2
You hit the hound.
The hound is heavily wounded.
The hound bites you.
You hit the hound but do no damage.
The hound is heavily wounded.
The hound bites you but does no damage. x2
You barely miss the hound.
The hound is heavily wounded.
The hound barely misses you. x2
You barely miss the hound.
The hound is heavily wounded.
The hound bites you.
You hit the hound but do no damage.
The hound is heavily wounded.
The hound barely misses you. The hound bites you but does no damage.
You closely miss the hound.
The hound is moderately wounded.
The hound bites you but does no damage. x2
You hit the hound but do no damage.
The hound is moderately wounded.
The hound misses you.
You closely miss the hound.
The hound is moderately wounded.
The hound bites you but does no damage. x2
You hit the hound.
The hound is severely wounded.
The hound bites you. x2
You hit the hound but do no damage.
The hound is severely wounded.
The hound bites you but does no damage.
You closely miss the hound.
The hound is severely wounded.
The hound bites you but does no damage. The hound barely misses you.
You barely miss the hound.
The hound is severely wounded.
The hound bites you but does no damage. The hound barely misses you.
You hit the hound but do no damage.
The hound is severely wounded.
The hound bites you but does no damage. x2
You hit the hound but do no damage.
The hound is severely wounded.
The hound bites you but does no damage.
You hit the hound.
The hound is almost dead.
The hound pauses to sniff the ground.
The hound bites you. The hound bites you but does no damage.
You hit the hound.
You kill the hound!
Your Axes skill increases to level 4!
Your Armour skill increases to level 2!
No target in view!
No target in view!
An orc wizard comes into view. It is wielding a +0 dagger.
The orc wizard shouts!
An orc comes into view. It is wielding a +0 short sword.
An orc comes into view. It is wielding a +0 war axe.
An orc comes into view. It is wielding a +0 mace.
The orc shouts! x3
The orc moves out of view.
An orc comes into view. It is wielding a +0 falchion.
The orc shouts!
The orc hits you with a +0 short sword.
You barely miss the orc. The orc hits you but does no damage.
You barely miss the orc. The orc hits you but does no damage.
You barely miss the orc. The orc hits you but does no damage.
You hit the orc but do no damage. The orc hits you but does no damage.
The orc wizard gestures wildly while chanting.
The orc wizard flickers and vanishes for a moment.
You slash the orc!
You kill the orc!
You slash the orc wizard!
The orc wizard is heavily wounded.
The orc wizard gestures at you while chanting.
You resist with some effort.
You hit the orc wizard.
The orc wizard is severely wounded.
The orc wizard hits you with a +0 dagger.
You slash the orc wizard!
You kill the orc wizard!
You hit the orc but do no damage. The orc hits you with a +0 falchion.
You hit the orc but do no damage. The orc hits you but does no damage.
You hit the orc but do no damage. The orc hits you with a +0 falchion.
You hit the orc.
The orc is heavily wounded.
The orc hits you but does no damage.
You hit the orc but do no damage.
The orc is heavily wounded.
The orc barely misses you.
You hit the orc.
You kill the orc!
You barely miss the orc. The orc hits you but does no damage.
You hit the orc.
The orc is moderately wounded.
The orc closely misses you.
You hit the orc.
The orc is heavily wounded.
The orc barely misses you.
You hit the orc.
You kill the orc!
You hit the orc.
The orc is moderately wounded.
The orc barely misses you.
You slash the orc!
You kill the orc!
Items here: ))))) [[[ †.
Okay, then.
You are now empty-handed.
You drop a +0 hand axe.
a - a +0 war axe (weapon)
There is an open door here.
Found a pink potion.
w - a pink potion As you open the door, it creaks loudly!
There is an open door here.
You open the door.
An adder comes into view.
Found a scroll labelled NENKUQA PIDAE.
There is an open door here.
Found a stone staircase leading down.
You hit the adder.
The adder is lightly wounded.
The adder bites you but does no damage. The adder bites you.
You slash the adder!
The adder is almost dead.
The adder bites you but does no damage.
You slash the adder!
You kill the adder!
You see here an adder corpse.
t - 2 scrolls labelled NENKUQA PIDAE (gained 1)
You open the door.
An ogre comes into view. It is wielding a +0 giant club.
The ogre shouts!
Throw: 2 darts (poison)
Press: ? - help, Shift-Dir - straight line, f - ogre
Aim: an ogre, wielding a +0 giant club (haloed, 93% to hit)
You throw a poisoned dart. The poisoned dart hits the ogre.
The ogre is poisoned.
Throw: dart (poison)
Press: ? - help, Shift-Dir - straight line, f/p - ogre
Aim: an ogre, wielding a +0 giant club (poisoned, haloed, 93% to hit)
You throw a poisoned dart. The poisoned dart hits the ogre.
Cleave: a) +0 war axe
Press: ? - help, Dir - move target, f/p - ogre
Aim: an ogre, wielding a +0 giant club (lightly wounded, poisoned, haloed, about 7% to evade your +0 war axe)
You slash the ogre!
The ogre is moderately wounded.
The ogre hits you with a +0 giant club.
Cleave: a) +0 war axe
Press: ? - help, Dir - move target, f/p - ogre
Aim: an ogre, wielding a +0 giant club (moderately wounded, poisoned, haloed, about 7% to evade your +0 war axe)
You slash the ogre!
The ogre is almost dead.
The ogre hits you but does no damage.
Cleave: a) +0 war axe
Press: ? - help, Dir - move target, f/p - ogre
Aim: an ogre, wielding a +0 giant club (severely wounded, poisoned, haloed, about 7% to evade your +0 war axe)
You hit the ogre.
You kill the ogre!
You have reached level 6!
There is an open door, spattered with blood here.
Things that are here:
a +0 giant club; an ogre corpse
h - a poisoned dart
There is an open door, spattered with blood here.
Things that are here:
a +0 giant club; an ogre corpse
Found a ring mail.
There is a stone staircase leading down here.
You climb downwards.
The jelly quivers.
There is a stone staircase leading up here.
You can't go down here!
Throw: 26 stones
Press: ? - help, Shift-Dir - straight line, f - jelly
Aim: a jelly (haloed, 97% to hit)
You throw a stone. The stone hits the jelly.
The jelly is lightly wounded.
Cleave: a) +0 war axe
Press: ? - help, Dir - move target, f/p - jelly
Aim: a jelly (lightly wounded, haloed, about 3% to evade your +0 war axe)
You hit the jelly.
Your hands burn!
The jelly is moderately wounded.
The jelly closely misses you. The jelly hits you.
You are splashed with acid!
Cleave: a) +0 war axe
Press: ? - help, Dir - move target, f/p - jelly
Aim: a jelly (moderately wounded, haloed, about 3% to evade your +0 war axe)
You hit the jelly but do no damage.
Your hands burn!
The jelly is moderately wounded.
The jelly hits you but does no damage.
Cleave: a) +0 war axe
Press: ? - help, Dir - move target, f/p - jelly
Aim: a jelly (moderately wounded, haloed, about 3% to evade your +0 war axe)
You slash the jelly!
Your hands burn!
The jelly is almost dead.
The jelly hits you but does no damage.
Cleave: a) +0 war axe
Press: ? - help, Dir - move target, f/p - jelly
Aim: a jelly (almost dead, haloed, about 3% to evade your +0 war axe)
You slash the jelly!
You kill the jelly!
An ogre comes into view. It is wielding a +0 giant club.
There is a stone staircase leading up here.
You climb upwards.
There is a stone staircase leading down here.
You see here a +0 ring mail.
Found a scroll labelled YRAF WEBBET.
You open the door.
A black bear comes into view.
Found 6 gold pieces and a black potion.
There is an open door here.
You close the door.
You open the door.
There is an open door here.
There is an open door here.
You open the door.
Throw: dart (poison)
Press: ? - help, Shift-Dir - straight line, f - black bear
Aim: a black bear (haloed, 85% to hit)
You throw a poisoned dart. The poisoned dart hits the black bear.
The black bear is poisoned.
The black bear bites you but does no damage.
The black bear closely misses you.
The black bear claws you but does no damage.
You barely miss the black bear.
The black bear is lightly wounded.
The black bear bites you but does no damage.
The black bear claws you. The black bear barely misses you.
You slash the black bear!
The black bear is heavily wounded.
The black bear barely misses you.
The black bear claws you but does no damage. x2
You hit the black bear.
The black bear is severely wounded.
The black bear bites you but does no damage.
The black bear barely misses you. The black bear completely misses you.
The black bear bites you. The black bear barely misses you.
The black bear claws you but does no damage.
You hit the black bear but do no damage.
The black bear is severely wounded.
The black bear looks more healthy.
The black bear goes berserk!
You barely miss the black bear.
The black bear is severely wounded.
The black bear bites you.
The black bear claws you but does no damage.
The black bear misses you. The black bear bites you!
The black bear claws you but does no damage. x2
You hit the black bear.
The black bear is almost dead.
The black bear bites you.
* * * LOW HITPOINT WARNING * * *
The black bear barely misses you. x3; The black bear claws you.
* * * LOW HITPOINT WARNING * * *
The black bear claws you but does no damage.
Cleave: a) +0 war axe
Press: ? - help, Dir - move target, f/p - black bear
Aim: a black bear (almost dead, berserk, haloed, about 14% to evade your +0 war axe)
You hit the black bear.
The black bear is almost dead.
The black bear bites you!
* * * LOW HITPOINT WARNING * * *
The black bear claws you but does no damage.
The black bear misses you. The black bear bites you!
You die...

#..# ..# #..# ..# #..#
..####. #..#####.......
.. #..#...#....... .
#..'...#......#####.###
#..#...#......#.....#..
#..#...h......#........
#..##.@#......#....##..
#..##..#..$..!#....##..
#...#..########....###'
#...#..............##..
#...#..[......>.....†..
#...#..................
#..##.###.##.###..#####
#####.###.##.###)####..
.?#................


You could see a black bear (berserk).

Vanquished Creatures
  An ogre (D:4)
  A vampire bat (D:4)
  A hound (D:4)
  A jelly (D:5)
  2 orc wizards
  An adder (D:4)
  A dart slug (D:2)
  8 orcs
  2 ball pythons
  3 bats
  3 bat skeletons (D:4)
  4 bat zombies (D:4)
  3 endoplasms
  3 giant cockroaches
  4 goblins
  4 hobgoblins
  2 jackals (D:1)
  A quokka (D:1)
  3 frilled lizards
  3 kobolds
  A rat (D:2)
52 creatures vanquished.

Notes
Turn   | Place    | Note
-------+----------+-------------------------------------------
     0 | D:1      | jagoly the Gargoyle Monk began the quest for the Orb.
     0 | D:1      | Reached XP level 1. HP: 14/14 MP: 1/1
    63 | D:1      | Reached XP level 2. HP: 15/19 MP: 2/2
   187 | D:1      | Found a faded altar of an unknown god.
   256 | D:1      | Reached skill level 1 in Armour
   437 | D:2      | Reached XP level 3. HP: 22/23 MP: 3/3
   441 | D:2      | Identified the ring of Fyzigeg {Wiz rPois}
   629 | D:3      | Reached XP level 4. HP: 29/29 MP: 4/4
   740 | D:3      | Found a glowing silver altar of Zin.
   741 | D:3      | Found a white marble altar of Elyvilon.
   742 | D:3      | Found a glowing golden altar of the Shining One.
   747 | D:3      | Became a worshipper of the Shining One
   747 | D:3      | Reached * piety under the Shining One
   747 | D:3      | Reached ** piety under the Shining One
   854 | D:4      | Found an ancient bone altar of Kikubaaqudgha.
   862 | D:4      | Reached XP level 5. HP: 32/33 MP: 5/5
   954 | D:5      | Entered Level 5 of the Dungeon
  1077 | D:4      | Noticed an ogre
  1082 | D:4      | Killed an ogre
  1083 | D:4      | Reached XP level 6. HP: 39/39 MP: 6/6
  1115 | D:4      | Noticed a black bear
  1145 | D:4      | Mangled by a black bear

Illustrated notes

Levels and vault maps discovered:
D:1:      grunt_arrival_lava_bath, layout_basic, ebering_ecumenical_altar_mist,
          moated_statue, st_stairs_8
D:2:      cheibrodos_greedy_goblins, layout_rooms
D:3:      layout_basic, good_gods_temple_1, hangedman_decor_peaks_small
D:4:      layout_gridville, kennysheep_vampire_church, solitary_fountain
D:5:      layout_loops_ring, mainiacjoe_overflow_boulevard,
          nzn_wu_jian_council_hall

Skill      XL: |  1  2  3  4  5 |
---------------+----------------+-----
Axes           | 3 4 |  4.6
Armour         | 1 2 |  2.9
Fighting       | 4 |  4.6
Dodging        | 3 |  3.0

Action                     |  1- 3 |  4- 6 || total
---------------------------+-------+-------++-------
  Melee: Hand axe          |    83 |    76 ||   159
         War axe           |       |    17 ||    17
  Throw: Dart              |       |     3 ||     3
         Stone             |       |     1 ||     1
    Use: Potion            |     1 |       ||     1
 Armour: Leather armour    |    56 |    13 ||    69
         Chain mail        |       |    99 ||    99
  Dodge: Dodged            |    70 |    67 ||   137
